 Dungeon Crawl Stone Soup version 0.14-a0-30-gf0b6e91 (webtiles) character file.

218 Malachi the Poker (level 4, 0/38 HPs)
             Began as a Centaur Gladiator on Sept 27, 2013.
             Slain by an adder (2 damage)
             ... on Level 2 of the Dungeon.
             The game lasted 00:03:54 (1298 turns).

Malachi the Poker (Centaur Gladiator)               Turns: 1298, Time: 00:03:54

HP   0/38        AC  7     Str 18      XL: 4   Next: 86%
MP   2/2         EV  6     Int  7      God:
Gold 90          SH  0     Dex 10      Spells:  0 memorised,  3 levels left

Res.Fire  : . . .   See Invis. : .   a - +0 trident
Res.Cold  : . . .   Warding    : .   g - +0 scale mail
Life Prot.: . . .   Conserve   : .   (no shield)
Res.Poison: .       Res.Corr.  : .   c - +0 helmet
Res.Elec. : .       Clarity    : .   (no cloak)
Sust.Abil.: + .     Spirit.Shd : .   (no gloves)
Res.Mut.  : .       Stasis     : .   (no barding)
Res.Rott. : .       Flight     : .   (no amulet)
Saprovore : . . .                    (no ring)
                                     h - ring of sustain abilities

@: mildly poisoned, very quick, slightly resistant to hostile enchantments,
extremely unstealthy
A: hooves 3, deformed body, herbivore 1, speed 2, fast metabolism 1, tough skin
3
a: no special abilities


You were on level 2 of the Dungeon.
You were not hungry.

You visited 1 branch of the dungeon, and saw 2 of its levels.

You collected 70 gold pieces.

Inventory:

Hand weapons
 a - a +0,+0 trident (weapon)
Missiles
 d - 3 throwing nets
 q - 2 javelins (quivered)
Armour
 b - a +0 leather armour
 c - a +0 helmet (worn)
 g - a +0 scale mail (worn)
Comestibles
 f - 2 bread rations
 i - a chunk of worm flesh
 k - a chunk of adder flesh
 o - a meat ration
Scrolls
 j - a scroll of identify
Jewellery
 h - a ring of sustain abilities (left hand)
Potions
 e - a potion of resistance


   Skills:
 + Level 2.3 Fighting
 * Level 3.7 Polearms
 + Level 2.9 Throwing
 + Level 0.9 Armour
 + Level 3.1 Dodging
 + Level 0.2 Stealth


You had 3 spell levels left.
You didn't know any spells.

Dungeon Overview and Level Annotations

Branches:
Dungeon (2/27)

Altars:


Innate Abilities, Weirdness & Mutations

You have hooves in place of feet.
Armour fits poorly on your strangely shaped body.
You digest meat inefficiently.
You cover ground very quickly.
You have a fast metabolism.
You have extremely tough skin (AC +3).


Message History

Drink which item? (? for menu, Esc to quit)
That liquid tasted very nasty...
You are more poisoned.
It was a potion of poison.
The adder bites you but does no damage. The kobold hits you but does no damage.
The adder bites you but does no damage.
You completely miss the kobold. Your kick misses the kobold.
The kobold is severely wounded.
* * * LOW HITPOINT WARNING * * *
You feel sick. The adder bites you.
* * * LOW HITPOINT WARNING * * *
You are more poisoned.
The adder poisons you! The kobold closely misses you.
Your scale mail prevents you from hitting the kobold.
Your kick misses the kobold.
The kobold is severely wounded.
* * * LOW HITPOINT WARNING * * *
You feel sick.
You feel a little better. The adder bites you but does no damage.
The kobold closely misses you. The adder bites you.
You die...

#..........################
#..........# #..........#
#..........# #..........#
#........(.# .
#.......%.(####....
##.####...%....... ...
#..@......## #.SK......#
#.........# #.........#
.......?..# ..........$
.....###### ####


You could see an adder and a kobold.

Vanquished Creatures
  3 halflings (D:1)
  3 adders (D:2)
  A worm (D:2)
  3 giant geckos (D:1)
  6 bats
  A goblin (D:1)
  7 hobgoblins
  A jackal (D:2)
  10 kobolds (D:1)
  A ball python (D:1)
  2 giant newts
  7 rats (D:1)
  A bush (D:1)
  2 plants (D:1)
48 creatures vanquished.

Notes
Turn   | Place    | Note
--------------------------------------------------------------
     0 | D:1      | Malachi, the Centaur Gladiator, began the quest for the Orb.
     0 | D:1      | Reached XP level 1. HP: 18/18 MP: 0/0
   206 | D:1      | Reached XP level 2. HP: 22/25 MP: 1/1
   300 | D:1      | Reached skill level 3 in Polearms
   528 | D:1      | Reached XP level 3. HP: 30/30 MP: 2/2
   897 | D:1      | Reached XP level 4. HP: 22/38 MP: 2/2
  1298 | D:2      | Slain by an adder

Action                   |  1- 3 |  4- 6 || total
-------------------------+-------+-------++-------
Melee: Trident           |   151 |    55 ||   206
  Use: Scroll            |       |     3 ||     3
       Potion            |       |     1 ||     1
 Stab: Distracted        |     1 |       ||     1
